AoeStats
← Ypsilon

Arena

509681244Analyzed
4v4 RM · 6d ago on Sep 27, 2026· 39m 3s· 8 players
Game mode
Random Map
Map size
Large (8 player)
Population
200
Speed
Normal
Resources
Standard
Victory
Conquest
Starting age
Dark Age
Ending age
Imperial Age
RankedLock teamsTeams togetherTeam positionsShared explorationLock speedFull tech treeHidden civsTurbo modeCheats
Victory
Defeat
🇧🇷 Tupi · Brazil
1190
+13
🇧🇷 Spanish · Brazil
1181
+13
🇧🇷 Franks · Brazil
1154
+14
🇧🇷 Poles · Brazil
1023
+20
🇭🇰 Burgundians · Hong Kong SAR China
1137
-16
🇫🇷 Vietnamese · France
1116
-15
🇹🇼 Varangians · Taiwan
1105
-15
🇹🇼 Persians · Taiwan
1089
-14
DANSLESBOULES
10:40 Feudal Age
14:52 Castle Age
12:46 Double-Bit Axe
13:05 Horse Collar
16:42 Bow Saw
16:43 Heavy Plow
17:01 Loom
17:51 Stone Mining
20:59 Fletching
24:29 Wheelbarrow
26:52 Bodkin Arrow
27:32 Hand Cart
27:07 Town Watch
31:37 Imperial Age
29:04 Elite Skirmisher
30:08 Ballistics
31:47 Town Patrol
33:26 Chemistry
33:18 Padded Archer Armor
34:14 Imperial Skirmisher
36:09 Bracer
36:47 Arson
37:03 Squires
xnbhdx
11:18 Feudal Age
15:14 Castle Age
22:05 Horse Collar
22:18 Double-Bit Axe
24:39 Bow Saw
24:31 Heavy Plow
25:03 Treadmill Crane
26:18 Wheelbarrow
27:13 Gold Mining
31:13 Imperial Age
28:47 Pikeman
29:28 Squires
29:29 Scale Mail Armor
29:39 Forging
29:20 Fletching
29:30 Elite Skirmisher
30:43 Vendel Legacy
31:16 Stone Mining
32:10 Imperial Skirmisher
33:39 Bodkin Arrow
34:20 Iron Casting
34:01 Chain Mail Armor
34:10 Halberdier
36:31 Chemistry
35:51 Ballistics
35:09 Elite Varangian Guard
Kingssiu
0:26 Loom
11:47 Feudal Age
15:35 Castle Age
13:26 Horse Collar
14:10 Heavy Plow
15:22 Double-Bit Axe
35:08 Gold Mining
36:36 Scale Barding Armor
35:55 Cavalier
36:35 Husbandry
37:45 Chain Barding Armor
aaron.su210
11:17 Feudal Age
13:37 Double-Bit Axe
13:37 Horse Collar
16:17 Castle Age
17:57 Bow Saw
23:32 Wheelbarrow
23:57 Gold Mining
26:04 Hand Cart
30:17 Imperial Age
29:17 Fletching
29:52 Scale Barding Armor
29:59 Forging
30:41 Bodkin Arrow
31:08 Chain Barding Armor
30:54 Husbandry
31:05 Bloodlines
30:16 Light Cavalry
31:37 Conscription
30:56 Cavalier
34:35 Loom
35:50 Iron Casting
36:14 Heavy Plow
37:01 Savar
40:12 Blast Furnace
39:48 Plate Barding Armor
BColombo
11:36 Feudal Age
15:46 Castle Age
14:20 Double-Bit Axe
14:16 Horse Collar
18:39 Forging
18:40 Scale Barding Armor
20:37 Wheelbarrow
22:05 Stone Mining
24:38 Bow Saw
29:25 Chain Barding Armor
31:38 Imperial Age
30:01 Szlachta Privileges
31:23 Iron Casting
30:54 Heavy Plow
30:42 Loom
31:39 Husbandry
31:50 Bloodlines
32:08 Fletching
33:12 Lechitic Legacy
32:27 Cavalier
35:02 Blast Furnace
34:25 Conscription
35:28 Crop Rotation
35:40 Hoardings
HSWinter
11:42 Feudal Age
16:33 Castle Age
15:07 Double-Bit Axe
24:14 Husbandry
24:24 Scale Barding Armor
24:30 Forging
24:36 Forging
28:41 Chain Barding Armor
29:11 Wheelbarrow
29:51 Iron Casting
36:36 Imperial Age
37:53 Plate Barding Armor
36:43 Cavalier
37:56 Conscription
39:56 Blast Furnace
Jonsim
7:12 Loom
10:55 Feudal Age
15:43 Castle Age
14:28 Double-Bit Axe
14:37 Stone Mining
16:15 Horse Collar
16:31 Gold Mining
17:51 Fletching
24:40 Padded Archer Armor
32:40 Leather Archer Armor
35:18 Imperial Age
Ypsilon
10:40 Feudal Age
11:44 Loom
14:27 Castle Age
13:29 Double-Bit Axe
17:17 Gold Mining
18:04 Fletching
20:29 Padded Archer Armor
22:33 Bow Saw
26:00 Leather Archer Armor
25:42 Bodkin Arrow
27:23 Horse Collar
28:05 Leather Archer Armor
28:12 Ballistics
30:55 Heavy Plow
31:32 Wheelbarrow
34:21 Imperial Age
33:29 Pikeman
35:29 Hand Cart
35:51 Gold Shaft Mining
35:08 Stone Mining
35:52 Conscription
37:44 Two-Man Saw
36:24 Halberdier
37:07 Squires
37:08 Scale Mail Armor
37:19 Forging
38:21 Conscription
39:36 Bracer
39:53 Chain Mail Armor
Connection lost

Rejoining the realm…

Still unreachable

The connection could not be restored.

Session expired

The server has moved on; the page needs a fresh start.